Map: Emerald City LE

Players

Massa

  • Race: Terran Terran
  • League: Gold
  • Spawn Location: 5:00

qqq

  • Race: Protoss Protoss
  • League: Platinum
  • Spawn Location: 5:00

Darik - Winner!

  • Race: Protoss Protoss
  • League: Gold
  • Spawn Location: 11:00

Капежка - Winner!

  • Race: Terran Terran
  • League: Platinum
  • Spawn Location: 11:00

VOD

Have the link to the VOD?

Description

Time

  • Played on: June 7, 2020, 4:55 a.m.
  • Length: 9:35
Show
View Real Time Build Order
Export as new Build Order

Massa Terran 

Build Orders: Command Center First (CC) 

Get SALT Encoding   

  12  0:08  SCV  
  13  0:20  SCV, Supply Depot  
  14  0:33  SCV  
  15  0:45  SCV  
  16  0:56  Supply Depot  
  16  1:01  SCV  
  17  1:18  Command Center  
  17  1:25  Engineering Bay  
  17  1:42  Refinery  
  17  1:44  Refinery  
  17  1:46  SCV  
  17  2:04  SCV  
  19  2:22  SCV  
  19  2:35  SCV  
  20  2:47  SCV, Hi-Sec Auto Tracking  
  21  2:59  SCV  
  22  3:05  Planetary Fortress  
  22  3:10  Barracks  
  22  3:12  SCV  
  23  3:19  Barracks  
  23  3:24  SCV  
  24  3:50  SCV  
  25  4:02  SCV  
  26  4:13  Neosteel Armor  
  26  4:14  SCV  
  27  4:36  Marine  
  28  4:43  Factory  
  28  4:45  Orbital Command  
  28  4:54  Marine  
  29  5:02  Command Center  
  29  5:12  Marine  
  25  5:30  Marine  
  25  5:31  Factory Tech Lab  
  26  5:42  Barracks  
  26  5:48  Marine  
  24  6:17  SCV  
  25  6:21  Marine  
  26  6:28  Factory  
  26  6:29  Barracks  
  26  6:30  SCV  
  26  6:31  Barracks  
  27  6:37  Starport  
  27  6:39  Marine  
  28  6:42  SCV  
  29  6:48  Barracks  
  29  6:50  SCV  
  29  6:51  Bunker  
  29  6:54  SCV  
  31  6:57  Marine  
  32  7:02  SCV  
  32  7:05  Barracks  
  32  7:06  SCV  
  34  7:14  SCV, Marine  
  36  7:16  Supply Depot  
  36  7:18  SCV  
  37  7:26  SCV  
  38  7:32  Factory Tech Lab  
  38  7:34  Marine  
  38  7:37  Liberator, Marine x2  
  38  7:38  SCV  
  38  7:39  Supply Depot  
  41  7:51  SCV  
  41  7:54  Marine  
  41  7:55  Marine x2  
  44  8:01  Supply Depot  
  44  8:02  Marine  
  44  8:04  Barracks  
  45  8:11  Bunker, Marine  
  46  8:13  Marine  
  47  8:22  Marine  
  47  8:23  Siege Tank  
  47  8:24  Supply Depot  
  45  8:28  Supply Depot  
  40  8:36  Marine  
  40  8:37  Marine  
  40  8:40  Marine  
  44  8:47  Supply Depot  
  42  8:54  Marine x2  
  35  9:07  SCV  
  29  9:19  SCV  
  27  9:32  Barracks  
  27  9:34  Factory  
Show
View Real Time Build Order
Export as new Build Order

qqq Protoss 

Build Orders:  

Get SALT Encoding   

  12  0:02  Probe  
  13  0:16  Pylon  
  13  0:27  Probe  
  14  0:36  Forge  
  14  0:43  Probe  
  15  1:05  Pylon  
  15  1:06  Pylon  
  15  1:08  Pylon  
  15  1:13  Pylon  
  15  1:29  Photon Cannon  
  15  1:43  Photon Cannon  
  15  1:53  Pylon  
  14  2:13  Photon Cannon  
  14  2:38  Probe  
  15  2:50  Probe, Pylon  
  16  3:00  Pylon  
  16  3:02  Probe  
  16  3:14  Probe  
  17  3:24  Gateway  
  17  3:32  Assimilator  
  17  3:35  Assimilator  
  17  3:39  Photon Cannon  
  17  3:42  Pylon  
  17  3:44  Photon Cannon  
  16  4:04  Probe  
  17  4:17  Probe  
  18  4:22  Nexus  
  18  4:29  Probe  
  19  4:31  Cybernetics Core  
  19  4:42  Pylon  
  19  4:43  Probe  
  20  4:55  Probe  
  21  5:07  Probe  
  22  5:19  Probe  
  23  5:26  Stargate  
  23  5:27  Stargate  
  23  5:34  Photon Cannon  
  23  5:39  Probe  
  24  5:51  Probe, Assimilator  
  25  6:03  Probe  
  26  6:10  Phoenix  
  28  6:15  Probe  
  29  6:20  Void Ray  
  33  6:28  Probe (Chrono Boost)  
  34  6:38  Probe (Chrono Boost)  
  34  6:39  Void Ray  
  39  6:43  Probe (Chrono Boost)  
  40  6:54  Probe  
  41  7:03  Oracle  
  41  7:06  Probe  
  45  7:10  Pylon  
  45  7:18  Probe  
  46  7:27  Phoenix  
  42  7:30  Probe  
  38  7:40  Oracle  
  38  7:42  Probe  
  38  7:53  Oracle  
  38  7:54  Probe  
  39  8:11  Photon Cannon  
  33  8:17  Photon Cannon, Oracle (Chrono Boost)  
  36  8:22  Shield Battery  
  33  8:27  Shield Battery  
  29  8:37  Phoenix (Chrono Boost)  
  28  8:52  Phoenix (Chrono Boost)  
Show
View Real Time Build Order
Export as new Build Order

Darik Protoss - Winner!

Build Orders:  

Get SALT Encoding   

  12  0:01  Probe  
  13  0:14  Pylon  
  13  0:18  Probe  
  14  0:35  Gateway  
  14  0:36  Probe (Chrono Boost)  
  15  0:47  Probe (Chrono Boost)  
  16  0:50  Assimilator  
  16  0:52  Probe (Chrono Boost)  
  17  1:02  Probe (Chrono Boost)  
  18  1:13  Probe (Chrono Boost)  
  19  1:24  Pylon  
  19  1:37  Zealot  
  21  2:07  Assimilator  
  21  2:23  Gateway  
  21  2:24  Gateway  
  21  2:29  Cybernetics Core  
  21  2:39  Zealot (Chrono Boost)  
  21  2:42  Probe, Pylon  
  22  2:54  Probe  
  23  3:11  Zealot (Chrono Boost)  
  27  3:18  Zealot (Chrono Boost)  
  27  3:20  Forge  
  27  3:29  Stalker (Chrono Boost)  
  27  3:32  Gateway  
  29  3:38  Zealot  
  29  3:55  Photon Cannon  
  25  4:05  Pylon  
  25  4:06  Stalker  
  18  6:53  Probe  
  18  7:01  Probe  
  20  8:18  Nexus  
Show
View Real Time Build Order
Export as new Build Order

Капежка Terran - Winner!

Build Orders:  

Get SALT Encoding   

  12  0:00  SCV  
  13  0:13  SCV  
  14  0:17  Supply Depot  
  14  0:25  SCV  
  15  0:38  SCV  
  15  0:40  Barracks  
  16  0:45  Refinery  
  16  0:50  SCV  
  17  1:03  SCV  
  18  1:28  Bunker, Marine  
  19  1:46  Orbital Command  
  19  1:50  Marine  
  20  2:13  Supply Depot  
  20  2:15  SCV  
  20  2:27  SCV  
  21  2:39  SCV  
  22  2:45  Factory  
  22  3:06  Barracks Reactor  
  22  3:09  Command Center  
  22  3:12  SCV  
  23  3:24  SCV  
  24  3:31  Factory Tech Lab  
  24  3:33  Starport  
  24  3:34  Barracks  
  24  3:36  SCV  
  25  3:49  Marine x2  
  25  3:50  Siege Tank  
  30  4:06  Supply Depot  
  30  4:07  Marine  
  31  4:20  Liberator, Marine  
  31  4:22  Siege Tank  
  31  4:23  Refinery  
  38  4:37  Marine  
  38  4:44  Barracks Tech Lab  
  38  4:46  Supply Depot x2  
  38  5:03  Stimpack  
  38  5:04  Command Center  
  38  5:07  SCV, Marine x2  
  37  5:17  Marine  
  37  5:19  SCV, Starport Reactor  
  39  5:22  Orbital Command  
  39  5:25  Marine x2  
  41  5:31  SCV, Barracks  
  41  5:33  Barracks  
  41  5:34  Barracks x3  
  42  5:44  SCV  
  42  5:47  Marine x3  
  42  5:49  Siege Tank  
  47  5:56  SCV  
  48  6:02  SCV  
  49  6:05  Marine x2, Supply Depot  
  49  6:08  SCV, Supply Depot  
  52  6:14  SCV  
  52  6:15  Marine  
  54  6:20  SCV  
  54  6:23  Marine x2  
  54  6:24  Barracks Tech Lab x3  
  54  6:25  Barracks Reactor x2  
  57  6:26  Barracks Reactor, SCV  
  57  6:31  Starport, Orbital Command  
  57  6:32  SCV  
  59  6:35  Medivac x2  
  59  6:36  Marine  
  59  6:38  SCV  
  64  6:41  Marine x2  
  64  6:44  SCV  
  64  6:46  Command Center  
  67  6:50  SCV  
  67  6:51  Marine x2  
  67  6:52  Siege Tank  
  67  6:53  Marine  
  74  6:58  Marine  
  74  6:59  Marine  
  74  7:01  Marine  
  76  7:04  SCV x2  
  76  7:06  Refinery x2  
  79  7:10  Marine x3  
  79  7:11  Marine x3  
  79  7:15  Supply Depot  
  85  7:17  Supply Depot  
  85  7:36  Liberator x2  
  85  7:41  Marine x6  
  85  7:42  Marine x3  
  100  7:49  Marine  
  101  7:53  Supply Depot  
  101  7:55  Supply Depot x3  
  101  7:58  SCV x3, Marine, Medivac  
  107  7:59  Marine  
  107  8:05  Marine x3  
  111  8:19  Supply Depot  
  107  8:28  Medivac  
  106  8:34  Marine x3  
  106  8:35  Marine x7  
  106  8:36  SCV, Marine  
  106  8:37  SCV x2  
  120  8:52  Marine x5  
  120  8:53  Marine  
  120  8:54  SCV  
  127  8:57  Engineering Bay  
  127  8:59  Starport Tech Lab  
  127  9:00  Engineering Bay  
  123  9:13  Marine x4  
  123  9:14  Marine  
Tags
 
Add a new tag
Caveats
  • Supply blocks, unpowered buildings, or Contaminate may cause inaccurate times.
  • Supply counts are checked every 10 seconds.